 Dungeon Crawl Stone Soup version 0.31.0-12-g77e489cdc1 (webtiles) character file.

Game seed: 15451735805730199320

39 Silvore the Trooper (level 3, -1/27 (29) HPs)
             Began as a Demonspawn Fighter on Feb 12, 2024.
             Slain by Robin
             ... wielding a +0 club
              (4 damage)
             ... on level 2 of the Dungeon.
             The game lasted 00:01:10 (1213 turns).

Silvore the Trooper (Demonspawn Fighter)            Turns: 1213, Time: 00:01:11

HP:   -1/27 (29)    AC:  6    Str: 18    XL:     3   Next: 28%
MP:   3/3           EV: 11    Int:  8    God:
Gold: 71            SH:  4    Dex: 12    Spells: 2/2 levels left

rFire   . . .        a - +1 long sword
rCold   . . .        c - +0 buckler
rNeg    . . .        b - +0 scale mail
rPois   .            (no helmet)
rElec   .            (no cloak)
rCorr   .            (no gloves)
SInv    .            (no boots)
Will    .....        (no amulet) Stlth
                     (no ring)
HPRegen 0.24/turn    (no ring)
MPRegen 0.08/turn

%: no passive effects
@: drained
A: repulsion field 1
a: no special abilities


You were on level 2 of the Dungeon.
You visited 1 branch of the dungeon, and saw 2 of its levels.

You collected 71 gold pieces.

Inventory:

Hand Weapons
 a - a +1 long sword (weapon)
Armour
 b - a +0 scale mail (worn)
 c - a +0 buckler (worn)
Jewellery
 k - a ring of positive energy
Scrolls
 f - a scroll of poison
 j - a scroll of identify
Potions
 d - a potion of might
 e - a potion of cancellation {unknown}
 g - a potion of curing {unknown}
 h - a potion of degeneration
 i - a potion of attraction {unknown}


   Skills:
 + Level 3.2 Fighting
 + Level 1.9 Long Blades
 + Level 3.0 Armour
 + Level 1.1 Dodging
 + Level 3.1 Shields


You had 2 spell levels left.
You didn't know any spells.
Your spell library contained the following spells:

 Spells                   Type           Power      Damage    Failure   Level
 Slow                     Hex            0%         N/A       86%         1
 Confusing Touch          Hex            0%         N/A       99%         3
 Sigil of Binding         Hex            0%         N/A       99%         3
 Vampiric Draining        Necr           0%         2d6       99%         3


Dungeon Overview and Level Annotations

Branches:
Dungeon (2/15)

Altars:

Annotations:
D:2 Robin


Innate Abilities, Weirdness & Mutations

You are surrounded by a mild repulsion field. (EV +2)


Message History

You completely miss the goblin. The goblin hits you with a +0 club.
You hit the goblin.
You kill the goblin!
Robin hits you with a +0 club. Robin hits you but does no damage.
Robin throws the goblin at you!
Things that are here:
a +0 club; a goblin corpse You block Robin's attack.
Items here: )))) ††.
You hit Robin but do no damage.
Robin is moderately wounded.
The goblin completely misses you. Robin closely misses you.
You slash the goblin!
You kill the goblin!
A goblin comes into view. It is wielding a +0 club.
You block Robin's attack. Robin throws the goblin at you!
The goblin hits you with a +0 club.
* * * LOW HITPOINT WARNING * * *
Things that are here:
a +0 club; a +0 club; a goblin corpse Robin hits you with a +0 club.
* * * LOW HITPOINT WARNING * * *
The goblin unwields a +0 club.
The goblin wields a +0 sling.
The goblin shoots a sling bullet.
The sling bullet hits you but does no damage.
Items here: )))) ††.
You hit Robin.
Robin is moderately wounded.
You block Robin's attack. Robin hits you with a +0 club.
* * * LOW HITPOINT WARNING * * *
The goblin shoots a sling bullet.
The sling bullet hits you but does no damage.
You hit Robin.
Robin is heavily wounded.
Robin misses you.
You completely miss Robin.
Robin is heavily wounded.
Robin hits you with a +0 club.
You die...
Robin says, "And that's why I'm the boss."

# #.# ###### #.#####
.....# #.....#
####.#####.....# #
#............# #
#########....########
##
............>.....#
.##
#.#####....#g####.#
..## ####....#@#
...## ...#....#g#
#...####..######.#
##.†......# ...
#>_......# ..#
#........# #..#
#...####..# #..#
...##.....# #..#
..##......#


You could see Robin and a goblin (strong).

Vanquished Creatures
  An adder (D:2)
  A dart slug (D:2)
  A ball python (D:2)
  3 bats
  2 endoplasms (D:1)
  2 giant cockroaches
  8 goblins
  3 hobgoblins
  A quokka (D:2)
  A frilled lizard (D:2)
23 creatures vanquished.

Notes
Turn   | Place    | Note
-------+----------+-------------------------------------------
     0 | D:1      | Silvore the Demonspawn Fighter began the quest for the Orb.
     0 | D:1      | Reached XP level 1. HP: 18/18 MP: 1/1
   470 | D:1      | Gained mutation: You are surrounded by a mild repulsion
                  | field. (EV +2) [demonic ancestry]
   470 | D:1      | Reached XP level 2. HP: 7/24 MP: 2/2
   972 | D:2      | Found the +5 woodcutter's axe
  1007 | D:2      | Reached skill level 1 in Dodging
  1126 | D:2      | Reached XP level 3. HP: 28/29 MP: 3/3
  1140 | D:2      | Found a faded altar of an unknown god.
  1196 | D:2      | Noticed Robin
  1213 | D:2      | Slain by Robin

Illustrated notes

Levels and vault maps discovered:
D:1:      dpeg_arrival_short_road, layout_loops_corners
D:2:      layout_basic, hellmonk_ecumenical_altar_crossroads,
          minmay_parallelograms, uniq_terence, uniq_robin

Skill      XL: |  1  2  3 |
---------------+----------+-----
Shields        | 3 |  3.1
Dodging        | 1 |  1.1
Armour         | 3 |  3.0
Fighting       | |  3.2
Long Blades    | |  1.9

Action                     || total
---------------------------++-------
  Melee: Long sword        ||    70
    Use: Scroll            ||     4
 Armour: Scale mail        ||    79
  Dodge: Dodged            ||    42
  Block: Buckler           ||    15
